 Dungeon Crawl Stone Soup version 0.21.0 (webtiles) character file.

4750 Timinator the Transmogrifier (level 10, -3/79 HPs)
             Began as a Vampire Transmuter on Mar 17, 2018.
             Was a Follower of Kikubaaqudgha.
             Slain by Snorg (16 damage)
             ... on level 9 of the Dungeon.
             The game lasted 01:48:18 (9321 turns).

Timinator the Transmogrifier (Vampire Transmuter)   Turns: 9321, Time: 01:48:19

Health: -3/79      AC:  3    Str: 10    XL:     10   Next: 23%
Magic:  10/13      EV: 18    Int: 16    God:    Kikubaaqudgha [*.....]
Gold:   424        SH:  0    Dex: 17    Spells: 1/13 levels left

rFire    . . .     SeeInvis +     - Unarmed
rCold    . . .     Gourm    .   (shield currently unavailable)
rNeg     + . .     Faith    .   a - +0 robe
rPois    .         Spirit   .   h - +0 helmet
rElec    .         Reflect  .   (no cloak)
rCorr    +         Harm     .   (gloves currently unavailable)
MR       +....                  (no boots)
Stlth    ++........             (no amulet)
HPRegen  0.23/turn              w - ring of resist corrosion
MPRegen  0.13/turn              (no ring)

@: blade hands (expiring), invisible
A: fangs 3, talons 1, see invisible, unbreathing, subdued magic 1
a: Bat Form, End Transformation, Receive Corpses, Renounce Religion


You were on level 9 of the Dungeon.
You worshipped Kikubaaqudgha.
Kikubaaqudgha was aware of your devotion.
You were not thirsty.
You had blades for hands.
You visited 2 branches of the dungeon, and saw 11 of its levels.
You also visited: Sewer.

You collected 424 gold pieces.

Inventory:

Armour
 a - a +0 robe (worn)
 h - a +0 helmet (worn)
 y - a +0 pair of gloves (melded)
Jewellery
 w - a ring of resist corrosion (left scythe-like blade)
Wands
 l - a wand of random effects (13)
 q - a wand of polymorph (15)
 t - a wand of acid (11)
 A - a wand of flame (16)
Scrolls
 i - 2 scrolls of teleportation
 j - a scroll of enchant weapon
 p - 2 scrolls of enchant armour {unknown}
 u - 2 scrolls of remove curse
 B - a scroll of silence {unknown}
 C - a scroll of blinking
 D - a scroll of acquirement {unknown}
 F - a scroll of immolation {unknown}
Potions
 b - a potion of invisibility
 d - a potion of blood
 e - a potion of resistance {unknown}
 f - 2 potions of magic
 k - 2 potions of berserk rage
 m - a potion of lignification
 n - 2 potions of flight
 o - 3 potions of ambrosia
 r - 3 potions of haste
 s - 3 potions of curing
 z - 2 potions of might
 E - a potion of mutation
Books
 c - a book of Changes

   Spells                             Type                      Level
   a - Beastly Appendage              Transmutation                1
   b - Sticks to Snakes               Transmutation                2
   c - Spider Form                    Transmutation/Poison         3
   d - Ice Form                       Ice/Transmutation            4
   e - Blade Hands                    Transmutation                5
 g - a book of Minor Magic

   Spells                             Type                      Level
   a - Magic Dart                     Conjuration                  1
   b - Blink                          Translocation                2
   c - Call Imp                       Summoning                    2
   d - Slow                           Hexes                        2
   e - Conjure Flame                  Conjuration/Fire             3
   f - Mephitic Cloud                 Conjuration/Poison/Air       3
 x - Kikubaaqudgha's Volume of Stolen Souls
   (Kikubaaqudgha gifted it to you on level 7 of the Dungeon)

   Spells                             Type                      Level
   a - Animate Skeleton               Necromancy                   1
   b - Pain                           Necromancy                   1
   c - Sublimation of Blood           Necromancy                   2
   d - Regeneration                   Charms/Necromancy            3


   Skills:
 + Level 7.1 Fighting
 + Level 8.2 Dodging
 + Level 8.7 Unarmed Combat
 - Level 2.0 Spellcasting
 + Level 8.9 Transmutations


You had one spell level left.
You knew the following spells:

 Your Spells              Type           Power        Failure   Level  Hunger
a - Beastly Appendage     Tmut           ###...       10%         1    #......
b - Blade Hands           Tmut           ###.......   50%         5    ######.
c - Ice Form              Ice/Tmut       ##......     71%         4    #####..
d - Blink                 Tloc           N/A          69%         2    ###....


Dungeon Overview and Level Annotations

Branches:
Dungeon (10/15)            Temple (1/1) D:6            Lair (0/6) D:9
    Orc (0/2) D:9

Altars:
Ashenzari
Cheibriados
Dithmenos
Fedhas
Kikubaaqudgha
Makhleb
Nemelex Xobeh
Qazlal
Ru
Sif Muna
Vehumet
Wu Jian
Xom
Zin

Shops:
D:7 (

Annotations:
D:9 Snorg


Innate Abilities, Weirdness & Mutations

You have razor-sharp teeth.
You have supernaturally acute eyesight. (SInv)
You can survive without breathing.
You have sharp toenails.
Your spells are a little easier to cast, but a little less powerful.


Message History

Snorg misses you. Snorg completely misses you. x2
You climb upwards.
There is a stone staircase leading down here.
You slice Snorg!! Your kick misses Snorg.
Snorg is moderately wounded.
Snorg misses you. Snorg closely misses you. x2
You slash Snorg! You claw Snorg.
Snorg is moderately wounded.
Snorg bites you!! Snorg claws you!! Snorg barely misses you. Snorg bites you!
* * * LOW HITPOINT WARNING * * *
Snorg misses you. Snorg claws you!
* * * LOW HITPOINT WARNING * * *
You feel much better. Snorg misses you. Snorg closely misses you.
Snorg claws you!
You fade into invisibility!
Your transformation is almost over.
Snorg bites you!!
* * * LOW HITPOINT WARNING * * *
Snorg barely misses you. x2; Snorg misses you.
Snorg claws you!
You die...
Kikubaaqudgha rasps: "You have failed me!
Welcome... oblivion!"

########## #### #########
#........# #..# #........
#........# #..# #........
#........# #..# #........
#........# #..# #..).....
#........#####..######........
#...........T@...........(....
#.............................
#########..#########..########
#..# #..# # #..# #..# #
#########..#########..########
#.......†.)...................
#.............................
#........<....................


You could see Snorg (berserk).

Vanquished Creatures
  The ghost of centipede the Summoner, a novice MfSu of Fedhas (D:9)
  A kobold demonologist (D:8)
  A hornet (D:8)
  Grum (D:8)
  2 hell hounds (D:9)
  3 orc warriors
  2 ice beasts
  2 sky beasts
  2 phantoms
  2 necrophages
  2 ogres
  2 wolves (D:8)
  2 crocodiles
  4 bullfrogs
  4 scorpions
  6 killer bees
  2 crimson imps
  A howler monkey (D:5)
  2 bullfrog zombies
  A centaur zombie (D:5)
  5 bullfrog skeletons
  3 hounds
  8 orc priests
  3 orc wizards
  A gnoll shaman (D:7)
  6 worker ants
  8 adders
  4 gnolls (D:7)
  A howler monkey skeleton (D:5)
  A shadow imp (D:6)
  2 oozes
  2 worms
  2 dart slugs
  4 leopard geckos
  21 orcs
  7 bats
  6 giant cockroaches
  11 goblins
  11 hobgoblins
  22 jackals
  4 ball pythons
  A ball python skeleton (D:5)
  5 frilled lizards
  8 kobolds
  A leopard gecko zombie (D:5)
  4 rats
194 creatures vanquished.

Notes
Turn   | Place    | Note
-------+----------+-------------------------------------------
     0 | D:1      | Timinator the Vampire Transmuter began the quest for the Orb.
     0 | D:1      | Reached XP level 1. HP: 14/14 MP: 3/3
     9 | D:1      | Reached skill level 1 in Fighting
    98 | D:1      | Reached XP level 2. HP: 20/22 MP: 5/5
   594 | D:1      | Reached XP level 3. HP: 24/28 MP: 4/6
  1276 | D:2      | Reached XP level 4. HP: 26/34 MP: 7/7
  1438 | D:2      | Found a faded altar of an unknown god.
  1618 | D:3      | Found a snail-covered altar of Cheibriados.
  1618 | D:3      | Found a shimmering altar of Xom.
  1620 | D:3      | Found a shattered altar of Ashenzari.
  1620 | D:3      | Found a deep blue altar of Sif Muna.
  1622 | D:3      | Found a stormy altar of Qazlal.
  1622 | D:3      | Found a glowing silver altar of Zin.
  1623 | D:3      | Found an ornate altar of the Wu Jian Council.
  2610 | D:4      | Reached XP level 5. HP: 29/41 MP: 8/8
  2829 | D:4      | Noticed an orc warrior
  2851 | D:4      | Learned a level 5 spell: Blade Hands
  2866 | D:4      | Killed an orc warrior
  2866 | D:4      | Reached XP level 6. HP: 47/47 MP: 2/9
  3119 | D:4      | Reached skill level 5 in Unarmed Combat
  3295 | D:5      | Entered Level 5 of the Dungeon
  3344 | D:5      | Reached XP level 7. HP: 31/53 MP: 10/10
  3514 | D:5      | Gained mutation: Your body sometimes deteriorates upon taking damage. [mutagenic glow]
  3657 | D:5      | Found a glowing drain.
  3693 | Sewer    | Entered a sewer
  3693 | Sewer    | Gained mutation: Armour fits poorly on your strangely shaped body. [mutagenic glow]
  3935 | Sewer    | Reached skill level 5 in Transmutations
  4485 | D:5      | Reached XP level 8. HP: 59/61 MP: 6/11
  4867 | D:4      | Lost mutation: Your body sometimes deteriorates upon taking damage. [potion of mutation]
  4867 | D:4      | Lost mutation: Armour fits poorly on your strangely shaped body. [potion of mutation]
  4867 | D:4      | Gained mutation: You have sharp toenails. [potion of mutation]
  4867 | D:4      | Gained mutation: You are robust. (+10% HP) [potion of mutation]
  4876 | D:5      | Reached skill level 5 in Dodging
  5072 | D:6      | Found a staircase to the Ecumenical Temple.
  5084 | Temple   | Entered the Ecumenical Temple
  5097 | Temple   | Became a worshipper of Kikubaaqudgha
  5327 | D:6      | Reached skill level 5 in Fighting
  5334 | D:6      | Learned a level 2 spell: Blink
  6336 | D:7      | Reached XP level 9. HP: 42/74 MP: 6/12
  6420 | D:7      | Found a sparkling altar of Nemelex Xobeh.
  6455 | D:7      | Reached * piety under Kikubaaqudgha
  6455 | D:7      | Identified Kikubaaqudgha's Volume of Stolen Souls (Kikubaaqudgha gifted it to you on level 7 of the Dungeon)
  6455 | D:7      | Received a gift from Kikubaaqudgha
  6573 | D:7      | Found Fittun's Antique Weapon Shop.
  6787 | D:7      | Learned a level 4 spell: Ice Form
  7644 | D:8      | Gained mutation: Your spells are a little easier to cast, but a little less powerful. [miscasting Ice Form]
  7644 | D:8      | Lost mutation: You are robust. (+10% HP) [miscasting Ice Form]
  7933 | D:8      | Noticed Grum
  7946 | D:8      | Killed Grum
  8072 | D:8      | Noticed a kobold demonologist
  8116 | D:8      | Noticed a sun demon
  8127 | D:8      | Noticed a rust devil
  8133 | D:8      | Noticed a sun demon
  8165 | D:8      | Killed a kobold demonologist
  8414 | D:9      | Noticed centipede's ghost (novice MfSu)
  8672 | D:9      | Killed centipede's ghost
  8672 | D:9      | Reached XP level 10. HP: 69/77 MP: 5/13
  8677 | D:9      | Found a staircase to the Lair.
  8796 | D:9      | Found a shadowy altar of Dithmenos.
  9138 | D:9      | Found a staircase to the Orcish Mines.
  9298 | D:10     | Entered Level 10 of the Dungeon
  9298 | D:10     | Noticed Snorg
  9321 | D:9      | Slain by Snorg

Skill      XL: |  1  2  3  4  5  6  7  8  9 10 |
---------------+-------------------------------+-----
Fighting       | 1 2 3 4 5 6 7 |  7.1
Unarmed Combat | 4 5 7 8 |  8.7
Dodging        | 3 4 6 8 |  8.2
Transmutations | 3 4 5 7 8 |  8.9
Spellcasting   | |  2.0

Action                   |  1- 3 |  4- 6 |  7- 9 | 10-12 || total
-------------------------+-------+-------+-------+-------++-------
Melee: Unarmed           |   187 |   175 |   392 |    27 ||   781
       Kick              |    16 |    34 |    74 |     5 ||   129
       Bite              |    15 |    18 |    38 |     1 ||    72
       Headbutt          |     6 |       |       |       ||     6
       Punch             |     2 |     8 |     9 |     1 ||    20
 Cast: Beastly Appendage |    13 |    20 |    19 |       ||    52
       Blade Hands       |       |       |    21 |     3 ||    24
       Ice Form          |       |       |     2 |     1 ||     3
Invok: Receive Corpses   |       |       |     1 |       ||     1
 Abil: Bat Form          |     3 |     2 |     3 |     3 ||    11
       End Transformatio |     2 |     2 |     6 |     4 ||    14
  Use: Scroll            |       |    10 |     5 |       ||    15
       Potion            |       |     9 |    27 |     5 ||    41
 Stab: Sleeping          |     3 |     2 |     3 |       ||     8
  Eat: Corpse            |     6 |     5 |    13 |       ||    24
Armor: Robe              |    20 |    20 |    45 |       ||    85
       Skin              |       |       |     1 |     8 ||     9
Dodge: Dodged            |   131 |   108 |   220 |    55 ||   514
